 Dungeon Crawl Stone Soup version 0.16-a0-139-gc9fe9b1 (webtiles) character file.

4356 Ololoev the Carver (level 10, -14/77 HPs)
             Began as a Centaur Hunter on Aug 14, 2014.
             Was a Priest of Okawaru.
             Shot with a sling bullet by Joseph (18 damage)
             ... on Level 9 of the Dungeon.
             The game lasted 00:51:48 (12580 turns).

Ololoev the Carver (Centaur Hunter)                Turns: 12580, Time: 00:51:48

HP -14/77        AC  4     Str 15      XL: 10   Next: 12%
MP   7/7         EV 10     Int 10      God: Okawaru [***...]
Gold 22          SH  0     Dex 13      Spells:  0 memorised,  9 levels left

rFire  . . .     SeeInvis .     b - +2 hand crossbow
rCold  . . .     Clarity  .     J - -3 robe of the Farrier {Slay+6}
rNeg   . . .     rCorr    .     (no shield)
rPois  .         rRot     .     (no helmet)
rElec  .         Spirit   .     N - +0 cloak
SustAb .         Warding  .     I - +1 pair of gloves
rMut   .         Stasis   .     (no barding)
Gourm  .                        (no amulet)
MR     .....                    (no ring)
                                (no ring)

@: very quick, not resistant to hostile enchantments, very unstealthy
A: hooves 3, deformed body, speed 2, tough skin 3
a: Heroism, Renounce Religion


You were on level 9 of the Dungeon.
You worshipped Okawaru.
Okawaru was most pleased with you.
You were not hungry.

You visited 2 branches of the dungeon, and saw 10 of its levels.
You also visited: Sewer.

You collected 461 gold pieces.
You spent 439 gold pieces at shops.

Inventory:

Hand weapons
 b - a +2 hand crossbow (weapon)
 u - a +0 falchion
Missiles
 c - 88 bolts
 G - 17 silver bolts
 O - 5 steel bolts (quivered)
Armour
 v - a +1 ring mail of magic resistance
 H - a +2 leather armour of cold resistance
 I - a +1 pair of gloves (worn)
 J - the -3 robe of the Farrier (worn) {Slay+6}
   (You bought it in a shop on level 7 of the Dungeon)

   It affects your accuracy and damage with ranged weapons and melee attacks
   (+6).
 N - a +0 cloak (worn)
Magical devices
 o - a wand of disintegration (12)
 D - a wand of fireball (0)
Comestibles
 f - 11 bread rations
 k - a royal jelly
 w - 6 meat rations
 A - 10 fruits
 K - a chunk of hobgoblin flesh
 L - a chunk of bat flesh
Scrolls
 a - 6 scrolls of teleportation
 d - 2 scrolls of blinking {unknown}
 g - a scroll of fear
 j - a scroll of recharging {unknown}
 l - 3 scrolls of remove curse
 m - 5 scrolls of enchant armour
 y - a scroll of enchant weapon
 C - a scroll of fog {unknown}
 E - a scroll of amnesia {unknown}
 F - 2 scrolls of magic mapping
 M - a scroll of immolation
Potions
 e - 2 potions of berserk rage
 h - a potion of agility
 i - a potion of cancellation {unknown}
 n - 3 potions of flight
 p - a potion of beneficial mutation {unknown}
 q - 3 potions of poison {unknown}
 r - a potion of haste {unknown}
 s - 2 potions of might
 t - a potion of magic {unknown}
 x - 4 potions of heal wounds
 z - 3 potions of curing {unknown}
 B - 2 potions of brilliance {unknown}


   Skills:
 + Level 3.5 Fighting
 * Level 10.2 Long Blades
 - Level 10.0 Crossbows
 - Level 2.5 Armour
 - Level 1.3 Dodging
 - Level 0.5 Stealth


You had 9 spell levels left.
You didn't know any spells.

Dungeon Overview and Level Annotations

Branches:
Dungeon (9/15)             Temple (1/1) D:4            Lair (0/8) D:8
    Orc: D:9-12

Altars:
Ashenzari
Dithmenos
Elyvilon
Gozag
Kikubaaqudgha
Makhleb
Okawaru
Qazlal
Trog
Vehumet
Yredelemnul
Zin
The Shining One

Shops:
D:7 [   D:9 *(

Annotations:
D:9 Joseph


Innate Abilities, Weirdness & Mutations

You have hooves in place of feet.
Armour fits poorly on your strangely shaped body.
You cover ground very quickly.
You have extremely tough skin (AC +3).


Message History

Firing (i - inventory. (,) - cycle):
O - 8 steel bolts (quivered)
Press: ? - help, Shift-Dir - straight line, f/p - Joseph
Aim: Joseph, wielding a runed hunting sling and wearing a dyed leather armour (severely wounded)
You shoot a steel bolt. The steel bolt closely misses Joseph.
Firing (i - inventory. (,) - cycle):
O - 7 steel bolts (quivered)
Press: ? - help, Shift-Dir - straight line, f/p - Joseph
Aim: Joseph, wielding a runed hunting sling and wearing a dyed leather armour (severely wounded)
You shoot a steel bolt. The steel bolt hits Joseph!
Joseph is severely wounded.
Joseph shoots a sling bullet.
The sling bullet hits you!!
* * * LOW HITPOINT WARNING * * *
Firing (i - inventory. (,) - cycle):
O - 6 steel bolts (quivered)
Press: ? - help, Shift-Dir - straight line, f/p - Joseph
Aim: Joseph, wielding a runed hunting sling and wearing a dyed leather armour (severely wounded)
You shoot a steel bolt. The steel bolt closely misses Joseph.
Joseph shoots a sling bullet.
The sling bullet hits you!
* * * LOW HITPOINT WARNING * * *
x3 You see here a sling bullet.
Joseph shoots a sling bullet.
The sling bullet hits you!!
You die...

### #(# ..# #@# #.#
#.# #.# #.# #.# #<#
#.# #.# #.# #(# .
####### #.# #(#
##... ......#
####.###@# #.....
##.##.# #........#
#≈.≈..) ##.##.#
#..#.##.####≈≈.≈≈...
......#
#..#........≈≈∩≈≈!..
##.##.#
#..#########≈≈≈≈≈...
##.##.# #..# #≈≈≈##.
......###..# ##.#
##>#)).##..# #
##.#.#.....#


You could see Joseph.

Vanquished Creatures
  Psyche (D:9)
  A two-headed ogre (D:6)
  Prince Ribbit (D:7)
  The ghost of runewalsh the Chiller, an average OpIE of Vehumet (D:4)
  A spriggan (D:8)
  Eustachio (D:7)
  A deep elf fighter (D:8)
  3 sky beasts
  2 ogres
  2 ice beasts
  Purgy (Sewer)
  A black bear (D:8)
  A phantom (D:7)
  Sigmund (D:3)
  Duvessa (D:4)
  3 centaurs
  A big kobold (D:7)
  6 giant frogs
  A wyvern skeleton (D:8)
  An eye of draining (D:4)
  A water moccasin zombie (D:6)
  2 scorpions
  A troll zombie (D:7)
  A yak zombie (D:8)
  2 crimson imps (D:6)
  3 hounds
  Dowan (D:4)
  A centaur zombie (D:9)
  A goliath beetle (D:8)
  A jelly (D:5)
  6 orc priests
  2 orc wizards (D:7)
  An iguana (D:7)
  A worker ant (D:6)
  Ijyb (D:7)
  Terence (D:3)
  5 gnolls
  A gnoll zombie (D:7)
  4 green rats
  A white imp (D:7)
  7 adders
  5 giant mites (D:4)
  2 shadow imps (D:5)
  3 worms
  An ufetubus (D:7)
  5 giant geckos
  An ooze (D:6)
  23 orcs
  27 bats
  A bat zombie (D:5)
  17 hobgoblins
  18 jackals
  23 kobolds
  4 quokkas
  10 giant cockroaches
  A giant gecko skeleton (D:8)
  A giant gecko zombie (D:6)
  4 giant newts
  7 goblins
  2 orc skeletons
  20 rats
  A rat skeleton (D:4)
251 creatures vanquished.

Vanquished Creatures (others)
  A plant (D:9)
1 creature vanquished.

Grand Total: 252 creatures vanquished

Notes
Turn   | Place    | Note
--------------------------------------------------------------
     0 | D:1      | Ololoev, the Centaur Hunter, began the quest for the Orb.
     0 | D:1      | Reached XP level 1. HP: 16/16 MP: 1/1
   703 | D:1      | Reached XP level 2. HP: 23/23 MP: 2/2
   707 | D:1      | Reached skill level 5 in Crossbows
  1574 | D:2      | Reached XP level 3. HP: 23/28 MP: 3/3
  2504 | D:3      | Noticed Terence
  2522 | D:3      | Killed Terence
  2522 | D:3      | Reached skill level 6 in Crossbows
  2571 | D:3      | Reached XP level 4. HP: 20/35 MP: 3/3
  2699 | D:3      | Noticed Sigmund
  2714 | D:3      | Killed Sigmund
  2714 | D:3      | Reached XP level 5. HP: 32/40 MP: 4/4
  2878 | D:3      | Noticed an ice beast
  2913 | D:3      | Killed an ice beast
  2979 | D:3      | Reached XP level 6. HP: 43/47 MP: 5/5
  3195 | D:3      | Noticed an ogre
  3212 | D:3      | Killed an ogre
  3212 | D:3      | Reached skill level 7 in Crossbows
  3924 | D:4      | Found a glowing drain.
  4031 | Sewer    | Entered a sewer
  4039 | Sewer    | Reached XP level 7. HP: 47/52 MP: 5/5
  4094 | Sewer    | Noticed Purgy
  4461 | Sewer    | Killed Purgy
  4603 | D:4      | Noticed runewalsh's ghost (average OpIE)
  4654 | D:4      | Killed runewalsh's ghost
  4654 | D:4      | Reached skill level 5 in Long Blades
  5039 | D:4      | Noticed Dowan
  5048 | D:4      | Noticed Duvessa
  5097 | D:4      | Killed Duvessa
  5231 | D:4      | Killed Dowan
  5469 | D:4      | Found a staircase to the Ecumenical Temple.
  5479 | Temple   | Entered the Ecumenical Temple
  5489 | Temple   | Became a worshipper of Warmaster Okawaru
  5793 | D:4      | Reached skill level 8 in Crossbows
  5801 | D:4      | Found a bloodstained altar of Trog.
  5811 | D:4      | Reached skill level 1 in Armour
  5811 | D:4      | Reached XP level 8. HP: 55/59 MP: 0/6
  6083 | D:5      | Entered Level 5 of the Dungeon
  6734 | D:5      | Got a faintly humming ring mail
  6746 | D:5      | Identified the cursed -5 ring mail of Generosity {+Fly rC++ Str+2} (You found it on level 5 of the Dungeon)
  7891 | D:6      | Found a glowing silver altar of Zin.
  7891 | D:6      | Found a glowing golden altar of the Shining One.
  7891 | D:6      | Found a white marble altar of Elyvilon.
  8147 | D:6      | Noticed a two-headed ogre
  8176 | D:6      | Killed a two-headed ogre
  8176 | D:6      | Acquired Okawaru's first power
  8241 | D:6      | Found a glowing golden altar of the Shining One.
  8249 | D:6      | Found a stormy altar of Qazlal.
  8495 | D:6      | Reached skill level 9 in Crossbows
  8533 | D:6      | Found a basalt altar of Yredelemnul.
  8873 | D:6      | Reached XP level 9. HP: 47/64 MP: 7/7
  9491 | D:7      | Noticed Prince Ribbit
  9515 | D:7      | Killed Prince Ribbit
 10211 | D:7      | Noticed Ijyb
 10218 | D:7      | Killed Ijyb
 10227 | D:7      | Noticed Eustachio
 10239 | D:7      | Killed Eustachio
 10292 | D:7      | Found Pamaicim's Antique Armour Shop.
 10301 | D:7      | Bought a pair of embroidered gloves for 126 gold pieces
 10301 | D:7      | Bought a warped robe for 159 gold pieces
 10313 | D:7      | Identified the -3 robe of the Farrier {Slay+6} (You bought it in a shop on level 7 of the Dungeon)
 10967 | D:8      | Reached skill level 10 in Crossbows
 11339 | D:8      | Found an opulent altar of Gozag.
 11438 | D:8      | Received a gift from Okawaru
 11452 | D:8      | Found an ancient bone altar of Kikubaaqudgha.
 11940 | D:8      | Found a staircase to the Lair.
 12089 | D:8      | Reached XP level 10. HP: 43/77 MP: 7/7
 12265 | D:8      | Reached skill level 10 in Long Blades
 12402 | D:9      | Found Nuvvuhin's General Store.
 12411 | D:9      | Bought a scroll of magic mapping for 49 gold pieces
 12411 | D:9      | Bought a potion of berserk rage for 42 gold pieces
 12412 | D:9      | Bought a +0 cloak for 63 gold pieces
 12440 | D:9      | Noticed Psyche
 12445 | D:9      | Killed Psyche
 12451 | D:9      | Received a gift from Okawaru
 12534 | D:9      | Found Kla Mani's Weapon Shop.
 12559 | D:9      | Noticed Joseph
 12580 | D:9      | Shot with a sling bullet by Joseph

Action                   |  1- 3 |  4- 6 |  7- 9 | 10-12 || total
-------------------------+-------+-------+-------+-------++-------
Melee: Short sword       |   120 |       |       |       ||   120
       Falchion          |     8 |    97 |   341 |     4 ||   450
 Fire: Hand crossbow     |    21 |    56 |   255 |    23 ||   355
Evoke: Wand              |       |       |    12 |       ||    12
  Use: Scroll            |       |     9 |     6 |       ||    15
  Eat: Chunk             |     4 |     4 |    15 |       ||    23
       Pizza             |       |       |     3 |       ||     3
       Royal jelly       |       |       |       |     1 ||     1
